 Dungeon Crawl Stone Soup version 0.18-a0-1666-g3ea6f2b (webtiles) character file.

2658 Chiseanne the Skirmisher (level 9, -1/79 HPs)
             Began as a Centaur Air Elementalist on Mar 31, 2016.
             Was an Initiate of Gozag.
             Slain by a yak (17 damage)
             ... on level 7 of the Dungeon.
             The game lasted 00:25:49 (9088 turns).

Chiseanne the Skirmisher (Centaur Air Elementalist) Turns: 9088, Time: 00:25:51

Health: -1/79      AC:  7    Str: 14    XL:     9   Next: 36%
Magic:  11/11      EV: 10    Int: 13    God:    Gozag
Gold:   82         SH:  9    Dex: 10    Spells: 3 memorised, 5 levels left

rFire  . . .     SeeInvis .     a - +3 dagger (venom)
rCold  + . .     Gourm    .     w - +1 robe of Oshiela {rC+ rCorr Int-4} (curse)
rNeg   . . .     Faith    .     k - +0 shield
rPois  .         Spirit   .     m - +0 helmet
rElec  .         Dismiss  .     (no cloak)
rCorr  +         Reflect  .     e - +0 pair of gloves
SustAt .         Harm     .     (no barding)
MR     +....                    (no amulet)
Stlth  +.........               v - +3 ring of strength
                                p - ring of protection from magic

@: gold aura, very quick, somewhat resistant to hostile enchantments, very
unstealthy
A: hooves 3, blink, deformed body, speed 2, tough skin 3
a: Blink, Potion Petition, Call Merchant, Bribe Branch, Renounce Religion


You were on level 7 of the Dungeon.
You worshipped Gozag.
Gozag was noncommittal.
You were not hungry.

You visited 2 branches of the dungeon, and saw 8 of its levels.
You also visited: Sewer.

You collected 871 gold pieces.
You spent 660 gold pieces at shops.
You paid 129 gold pieces to Gozag.

Inventory:

Hand Weapons
 a - a +3 dagger of venom (weapon)
Missiles
 f - 22 sling bullets of frost
 h - 54 sling bullets
 s - 19 bolts
 G - 19 poisoned needles
Armour
 e - a +0 pair of gloves (worn)
 k - a +0 shield (worn)
 m - a +0 helmet (worn)
 w - the cursed +1 robe of Oshiela (worn) {rC+ rCorr Int-4}
   (You found it on level 4 of the Dungeon)

   It affects your intelligence (-4).
   It protects you from cold.
   It protects you from acid and corrosion.
   It has a curse placed upon it.
 K - a +1 leather armour of fire resistance
Jewellery
 p - a ring of protection from magic (left hand)
 v - a +3 ring of strength (right hand)
Wands
 r - a wand of enslavement (0/24)
 A - a wand of acid (0/15)
 H - a wand of polymorph (11/24)
 I - a wand of digging (9/24)
Scrolls
 d - 2 scrolls of enchant armour
 q - 3 scrolls of blinking
 x - 4 scrolls of remove curse
 y - 2 scrolls of recharging
 J - a scroll of fog
Potions
 g - a potion of ambrosia
 i - 5 potions of curing
 n - 2 potions of flight
 o - 2 potions of cancellation
 u - 2 potions of haste
 z - a potion of lignification
 B - 2 potions of agility
 C - 4 potions of might
 D - 2 potions of magic
 F - 2 potions of brilliance
 L - a potion of heal wounds
 M - a potion of berserk rage
Books
 b - a book of Air

   Spells                             Type                      Level
   a - Shock                          Conjuration/Air              1
   b - Swiftness                      Charms/Air                   2
   c - Repel Missiles                 Charms/Air                   2
   d - Static Discharge               Conjuration/Air              3
   e - Lightning Bolt                 Conjuration/Air              5
 l - a book of Enchantments

   Spells                             Type                      Level
   a - Cause Fear                     Hexes                        4
   b - Yara's Violent Unravelling     Hexes/Transmutation          5
   c - Silence                        Hexes/Air                    5
   d - Deflect Missiles               Charms/Air                   6
   e - Haste                          Charms                       6
   f - Discord                        Hexes                        8
 t - a book of Dreams

   Spells                             Type                      Level
   a - Ensorcelled Hibernation        Hexes/Ice                    2
   b - Silence                        Hexes/Air                    5
   c - Darkness                       Hexes                        6
   d - Shadow Creatures               Summoning                    6
Comestibles
 c - 9 bread rations
 j - a slice of pizza
 E - 2 meat rations


   Skills:
 * Level 7.5 Fighting
 - Level 1.5 Armour
 * Level 5.4 Dodging
 - Level 1.2 Stealth
 * Level 5.3 Shields
 - Level 1.5 Spellcasting
 - Level 0.8 Conjurations
 - Level 2.6 Air Magic


You had 5 spell levels left.
You knew the following spells:

 Your Spells              Type           Power        Failure   Level  Hunger
a - Shock                 Conj/Air       #...         30%         1    ##.....
b - Repel Missiles        Chrm/Air       #.....       56%         2    ###....
c - Static Discharge      Conj/Air       #.......     83%         3    ####...


Dungeon Overview and Level Annotations

Branches:
Dungeon (7/15)             Temple (1/1) D:5

Altars:
Ashenzari
Cheibriados
Dithmenos
Elyvilon
Fedhas
Gozag
Kikubaaqudgha
Makhleb
Nemelex Xobeh
Okawaru
Pakellas
Qazlal
Ru
Sif Muna
Trog
Vehumet
Xom
Yredelemnul
Zin
The Shining One

Shops:
D:4 ?   D:7 !

Annotations:
D:4 Tomstefer's ghost, novice HECj
D:7 feelmyfire's ghost, novice HOFi


Innate Abilities, Weirdness & Mutations

You have hooves in place of feet.
Armour fits poorly on your strangely shaped body.
You cover ground very quickly.
You have extremely tough skin (AC +3).
You can translocate small distances at will.


Message History

The bolt of acid hits the yak.
The acid corrodes the yak!
The yak is lightly wounded.
Evoking this partially-identified wand wasted a few charges.
Evoke which item? (* to show all) (? for menu, Esc to quit)
Zapping:
A - a wand of acid {zapped: 2} (will waste charges)
Press: ? - help, Shift-Dir - straight line, f/p - yak
Aim: a yak (lightly wounded, covered in acid)
The bolt of acid hits the yak.
The acid corrodes the yak!
The yak is heavily wounded.
Evoking this partially-identified wand wasted a few charges.
Evoke which item? (* to show all) (? for menu, Esc to quit)
Zapping:
A - a wand of acid {zapped: 5} (will waste charges)
Press: ? - help, Shift-Dir - straight line, f/p - yak
Aim: a yak (heavily wounded, covered in acid) Nothing appears to happen.
You hit the yak. Your kick misses the yak.
The yak is heavily wounded.
The yak gores you!
You die...
Your body crumbles into a pile of gold.

#.....# #####.# #.
#.###.# #..# #.
#.# #$# #..# #.
#.###.# #..#####.
#.....# #...W....
###.#.# #.###.###
#.#.# #.##.....
#Y#.# #.##.###.
#@#.######.##.###.
#.#.......(.......
#.########.#.(####
#.# ###........
#.# #.......[(.
#.# ##.###..####
#.# ##...##W.#
#.####.....#..####
#.<...............


You could see a yak.

Vanquished Creatures
  A human (D:7)
  2 yaks (D:7)
  2 orc warriors
  3 sky beasts
  An ogre (D:5)
  7 centaurs
  A crocodile (Sewer)
  A big kobold (D:7)
  A giant frog (D:7)
  2 scorpions
  2 crimson imps
  2 centaur skeletons
  2 hounds
  2 jellies
  A giant frog skeleton (D:5)
  2 orc priests
  3 orc wizards
  An iguana (D:5)
  4 worker ants
  2 sheep
  3 gnolls
  12 adders
  2 oozes
  An adder zombie (D:5)
  3 worms
  3 dart slugs (D:1)
  5 giant geckos
  21 orcs
  A ball python (D:2)
  15 bats
  6 giant cockroaches
  8 goblins
  5 hobgoblins
  2 jackals (D:3)
  4 quokkas
  A ball python skeleton (D:6)
  2 giant gecko skeletons (D:5)
  6 giant newts
  A jackal skeleton (D:5)
  10 kobolds
  A quokka skeleton (D:5)
  6 rats
160 creatures vanquished.

Vanquished Creatures (collateral kills)
  An orc (D:6)
1 creature vanquished.

Vanquished Creatures (others)
  A killer bee zombie (D:7)
  An orc (D:6)
2 creatures vanquished.

Grand Total: 163 creatures vanquished

Notes
Turn   | Place    | Note
--------------------------------------------------------------
     0 | D:1      | Chiseanne the Centaur Air Elementalist began the quest for the Orb.
     0 | D:1      | Reached XP level 1. HP: 14/14 MP: 3/3
   315 | D:1      | Reached skill level 1 in Fighting
   557 | D:1      | Reached XP level 2. HP: 23/23 MP: 4/4
   561 | D:1      | Learned a level 2 spell: Repel Missiles
   800 | D:1      | Reached skill level 2 in Fighting
  1049 | D:1      | Reached XP level 3. HP: 23/29 MP: 5/5
  1822 | D:2      | Reached XP level 4. HP: 37/37 MP: 6/6
  2529 | D:3      | Found a shattered altar of Ashenzari.
  2569 | D:3      | Reached skill level 3 in Fighting
  2569 | D:3      | Reached skill level 1 in Armour
  2569 | D:3      | Reached XP level 5. HP: 42/45 MP: 7/7
  2572 | D:3      | Reached skill level 1 in Shields
  2650 | D:3      | Learned a level 3 spell: Static Discharge
  3568 | D:4      | Found Necyedimn's Magic Scroll Boutique.
  3691 | D:4      | Got a heavily jewelled robe
  3694 | D:4      | Bought a scroll of recharging for 95 gold pieces
  3694 | D:4      | Bought a scroll of identify for 20 gold pieces
  3694 | D:4      | Bought a scroll of identify for 20 gold pieces
  3694 | D:4      | Bought a scroll of identify for 20 gold pieces
  3716 | D:4      | Identified the cursed +1 robe of Oshiela {rC+ rCorr Int-4} (You found it on level 4 of the Dungeon)
  3740 | D:4      | Noticed Tomstefer's ghost (novice HECj)
  3754 | D:5      | Entered Level 5 of the Dungeon
  3759 | D:5      | Reached XP level 6. HP: 37/51 MP: 8/8
  3888 | D:5      | Noticed a sky beast
  3901 | D:5      | Killed a sky beast
  3901 | D:5      | Reached skill level 4 in Fighting
  4155 | D:5      | Found a glowing drain.
  4160 | Sewer    | Entered a sewer
  4334 | D:5      | Noticed a sky beast
  4351 | D:5      | Killed a sky beast
  4351 | D:5      | Reached XP level 7. HP: 35/60 MP: 9/9
  4665 | D:4      | Found a snail-covered altar of Cheibriados.
  5101 | D:5      | Reached skill level 5 in Fighting
  5541 | D:5      | Reached XP level 8. HP: 62/68 MP: 10/10
  5633 | D:5      | Found a staircase to the Ecumenical Temple.
  5638 | Temple   | Entered the Ecumenical Temple
  5742 | Temple   | Became a worshipper of Gozag Ym Sagoz the Greedy
  5889 | D:5      | Gained mutation: You can translocate small distances at will. [potion of beneficial mutation]
  6126 | D:4      | Bought a scroll of identify for 20 gold pieces
  6126 | D:4      | Bought a scroll of recharging for 95 gold pieces
  6126 | D:4      | Bought a scroll of remove curse for 30 gold pieces
  6451 | D:6      | Reached skill level 6 in Fighting
  6718 | D:6      | Noticed Sigmund
  6719 | D:6      | Noticed Sigmund
  6719 | D:6      | Sigmund changed into Sigmund the sheep
  6727 | D:6      | Killed Sigmund the sheep
  7703 | D:7      | Noticed feelmyfire's ghost (novice HOFi)
  7766 | D:7      | HP: 1/71 [feelmyfire's ghost (6)]
  7793 | D:7      | HP: 2/71 [killer bee zombie (3)]
  8216 | D:7      | Reached XP level 9. HP: 52/78 MP: 11/11
  8417 | D:7      | Reached skill level 5 in Dodging
  8423 | D:7      | Found Coatio's Distillery.
  8426 | D:7      | Bought a potion of heal wounds for 75 gold pieces
  8426 | D:7      | Bought a potion of berserk rage for 75 gold pieces
  8426 | D:7      | Bought 2 potions of curing for 90 gold pieces
  8426 | D:7      | Bought a potion of might for 60 gold pieces
  8426 | D:7      | Bought a potion of agility for 60 gold pieces
  8610 | D:7      | Reached skill level 7 in Fighting
  8760 | D:6      | Reached skill level 5 in Shields
  9088 | D:7      | Slain by a yak

Vault maps used:
D:1:      lemuel_arrival_rhombus, minmay_misc_feat_pillars,
          minmay_misc_feat_ornament
D:3:      nicolae_ashenzari_panopticon
D:4:      cheibriados_altar_1, first_bread, serial_shops, shop,
          kennysheep_big_empty_room
D:5:      kennysheep_six_static_rooms, minmay_temple_entry_nine_rooms,
          portal_sewer_entry_e
D:6:      uniq_sigmund
D:7:      serial_shops, kennysheep_mini_moat, grunt_livestock
Temple:   kilobyte_greek_temple_18
Sewer:    sewer_big_baddie

Skill      XL: |  1  2  3  4  5  6  7  8  9 |
---------------+----------------------------+-----
Fighting       | 1 2 3 4 5 6 7 |  7.5
Dodging        | 2 3 4 5 |  5.4
Armour         | 1 |  1.5
Shields        | 1 2 3 4 5 |  5.3
Stealth        | |  1.2
Spellcasting   | |  1.5
Conjurations   | |  0.8
Air Magic      | |  2.6

Action                   |  1- 3 |  4- 6 |  7- 9 || total
-------------------------+-------+-------+-------++-------
Melee: Unarmed           |     6 |       |       ||     6
       Club              |     5 |       |       ||     5
       Dagger            |    59 |   204 |   314 ||   577
       Short sword       |     7 |       |       ||     7
Throw: Throwing net      |       |       |     2 ||     2
 Cast: Shock             |    15 |       |       ||    15
       Repel Missiles    |     1 |       |       ||     1
Evoke: Wand              |       |       |     8 ||     8
  Use: Scroll            |     5 |    10 |     9 ||    24
       Potion            |       |       |     2 ||     2
 Stab: Held in net/web   |       |       |     1 ||     1
  Eat: Chunk             |     3 |     6 |     3 ||    12
       Beef jerky        |       |       |     1 ||     1
       Fruit             |       |       |     5 ||     5
       Pizza             |       |       |     2 ||     2
       Royal jelly       |       |       |     1 ||     1
